Map: [ESL] Data-C

Players

soO

  • Race: Zerg Zerg
  • Spawn Location: 3:00

llllllllllll (herO) - Winner!

  • Race: Protoss Protoss
  • League: Grandmaster
  • Spawn Location: 9:00

VOD

Have the link to the VOD?

Description

Time

  • Played on: Oct. 20, 2022, 7 a.m.
  • Length: 14:17
Show
View Real Time Build Order
Export as new Build Order

soO Zerg 

Build Orders: Hatch First, Lurkers 

Get SALT Encoding   

  12  0:00  Drone  
  13  0:12  Overlord  
  13  0:16  Drone  
  14  0:30  Drone x2  
  16  0:48  Hatchery  
  15  0:51  Drone  
  15  0:54  Drone  
  17  0:58  Drone  
  18  1:09  Extractor  
  17  1:13  Spawning Pool  
  17  1:16  Drone  
  17  1:19  Drone  
  18  1:27  Drone  
  19  1:38  Drone  
  20  1:48  Drone  
  21  1:59  Queen x2  
  21  2:00  Zergling x2  
  21  2:01  Overlord  
  26  2:10  Drone  
  26  2:11  Metabolic Boost, Drone  
  28  2:20  Drone  
  28  2:22  Drone  
  30  2:31  Drone  
  30  2:32  Drone  
  32  2:38  Hatchery  
  32  2:43  Queen  
  33  2:48  Overlord  
  33  2:54  Drone x3  
  36  3:05  Overlord  
  36  3:08  Drone x2  
  36  3:09  Drone x3  
  36  3:10  Drone  
  44  3:20  Drone x2  
  44  3:23  Queen  
  44  3:24  Queen  
  48  3:33  Drone x2  
  50  3:42  Overlord  
  50  3:43  Zergling x4  
  50  3:46  Overlord  
  52  3:49  Drone x2  
  52  3:50  Drone  
  52  3:52  Drone x2  
  52  3:55  Overlord  
  57  4:00  Zergling x2, Queen  
  60  4:03  Drone  
  60  4:10  Drone x2  
  60  4:11  Drone  
  60  4:12  Drone  
  60  4:13  Spore Crawler  
  62  4:17  Zergling x2  
  62  4:18  Zergling x2  
  62  4:23  Drone x2  
  63  4:28  Drone  
  63  4:30  Evolution Chamber  
  62  4:34  Drone x3  
  62  4:36  Drone  
  66  4:38  Drone  
  66  4:39  Queen, Extractor  
  66  4:41  Drone  
  66  4:45  Drone  
  70  4:50  Zergling x4  
  71  4:57  Spore Crawler  
  71  4:58  Zergling x8  
  72  5:04  Zergling x4  
  72  5:05  Overlord  
  72  5:06  Zerg Melee Weapons Level 1  
  74  5:07  Spore Crawler, Drone x2  
  74  5:09  Drone  
  74  5:10  Drone x3  
  79  5:19  Drone x2  
  78  5:21  Drone  
  78  5:23  Queen  
  78  5:25  Drone  
  78  5:26  Overlord  
  81  5:30  Overlord  
  78  5:36  Hatchery  
  78  5:39  Zergling x12  
  81  5:46  Drone x2  
  81  5:47  Drone  
  82  5:51  Lair  
  82  5:52  Drone  
  83  5:58  Drone x4  
  83  6:00  Extractor  
  83  6:01  Extractor  
  85  6:04  Hatchery  
  82  6:11  Drone  
  82  6:12  Drone x4  
  82  6:15  Drone  
  82  6:22  Drone  
  82  6:24  Drone x2  
  82  6:25  Drone  
  86  6:27  Drone x2  
  86  6:30  Zergling x10  
  86  6:31  Drone  
  94  6:33  Drone  
  94  6:35  Drone  
  96  6:40  Extractor  
  96  6:43  Zergling x2  
  96  6:47  Zergling x2  
  96  6:48  Zergling x2  
  96  6:50  Zergling x2  
  96  6:52  Hydralisk Den  
  96  6:53  Drone  
  99  6:54  Baneling Nest, Queen  
  99  6:56  Drone x2  
  99  6:57  Spore Crawler  
  99  6:59  Overlord  
  99  7:01  Zerg Melee Weapons Level 2, Overlord  
  101  7:04  Drone  
  101  7:06  Evolution Chamber  
  101  7:08  Zergling x8  
  101  7:11  Overlord  
  96  7:18  Zergling x14  
  96  7:22  Zergling x2  
  103  7:28  Grooved Spines, Hydralisk x12  
  126  7:33  Zerg Missile Weapons Level 1  
  126  7:38  Overlord  
  126  7:39  Hydralisk x3  
  126  7:41  Overlord  
  129  7:46  Overlord  
  128  7:52  Hydralisk x2  
  128  7:53  Zergling x4  
  128  7:54  Overlord  
  132  8:03  Zergling x26  
  137  8:11  Zergling x4  
  136  8:17  Zergling x6  
  139  8:20  Zergling x2  
  139  8:21  Zergling x2  
  136  8:28  Drone x7  
  136  8:29  Drone  
  136  8:32  Zergling x2  
  143  8:35  Centrifugal Hooks  
  143  8:37  Zergling x12  
  143  8:40  Drone  
  147  8:45  Hydralisk x2  
  147  8:46  Zergling x4  
  153  8:49  Infestation Pit  
  153  8:52  Zergling x20  
  160  9:02  Muscular Augments, Drone  
  161  9:08  Zergling x8  
  161  9:09  Overlord  
  165  9:10  Overlord  
  163  9:18  Overlord  
  163  9:20  Zerg Ground Armor Level 1  
  163  9:23  Overlord  
  159  9:26  Drone  
  159  9:27  Overlord  
  160  9:32  Overseer  
  160  9:33  Zergling x10  
  160  9:34  Zergling x28  
  160  9:36  Drone, Hatchery  
  160  9:37  Overlord  
  179  9:39  Zerg Missile Weapons Level 2, Hive  
  179  9:43  Baneling x7  
  179  9:44  Baneling x2  
  179  9:47  Baneling x7  
  179  9:52  Baneling  
  179  10:01  Baneling x19  
  179  10:08  Zergling x24  
  184  10:20  Zergling x28  
  159  10:44  Zergling x18  
  159  10:45  Zergling x16  
  159  10:46  Baneling x9  
  165  10:59  Hydralisk  
  165  11:00  Zergling x8, Hydralisk  
  165  11:01  Zergling x12  
  174  11:05  Adrenal Glands  
  174  11:08  Baneling x7  
  174  11:09  Baneling x3  
  174  11:10  Overseer  
  174  11:12  Lurker Den  
  173  11:20  Zergling x28  
  173  11:24  Zerg Melee Weapons Level 3  
  186  11:39  Baneling x9  
  186  11:42  Zergling x28  
  192  12:06  Viper  
  192  12:08  Zergling x24  
  199  12:11  Baneling x9  
  198  12:16  Overlord  
  198  12:17  Overlord  
  198  12:22  Extractor, Overlord  
  197  12:23  Extractor  
  197  12:26  Overlord  
  197  12:27  Overlord  
  196  12:31  Overlord  
  177  12:48  Zergling x46  
  162  12:54  Zergling x2  
  162  12:56  Zergling x18  
  162  12:57  Zergling x4  
  151  12:59  Lurker x6  
  151  13:04  Zergling x6  
  160  13:09  Zergling x2  
  160  13:10  Zergling x4  
  160  13:12  Seismic Spines  
  148  13:20  Zergling x16  
  145  13:28  Hydralisk x4  
  145  13:30  Zergling x8  
  126  13:36  Hydralisk x3  
  126  13:37  Zergling x4  
  132  13:42  Hydralisk x2  
  132  13:43  Zergling x16  
  143  13:50  Lurker x4, Hatchery  
  143  13:53  Zergling x8  
  143  13:55  Zergling x2  
Show
View Real Time Build Order
Export as new Build Order

llllllllllll Protoss - Winner!

Build Orders: 1 Gate Expand, Oracle Opening 

Get SALT Encoding   

  12  0:00  Probe  
  13  0:12  Probe  
  14  0:17  Pylon  
  14  0:24  Probe (Chrono Boost)  
  15  0:30  Assimilator  
  15  0:36  Probe (Chrono Boost)  
  16  0:44  Probe (Chrono Boost)  
  16  0:49  Gateway  
  17  0:50  Probe  
  18  1:03  Probe  
  19  1:15  Probe  
  20  1:25  Nexus  
  20  1:36  Cybernetics Core  
  20  1:37  Probe  
  21  1:42  Assimilator  
  21  1:49  Probe  
  21  1:52  Pylon  
  22  2:01  Probe  
  23  2:10  Stalker (Chrono Boost)  
  23  2:13  Probe  
  26  2:17  Stargate  
  26  2:19  Warp Gate  
  26  2:26  Probe (Chrono Boost)  
  27  2:32  Adept  
  27  2:37  Probe (Chrono Boost)  
  30  2:44  Probe (Chrono Boost)  
  31  2:46  Probe (Chrono Boost)  
  31  2:50  Probe (Chrono Boost)  
  31  2:51  Probe (Chrono Boost)  
  34  2:58  Oracle (Chrono Boost)  
  34  3:02  Probe  
  34  3:03  Adept, Probe  
  41  3:09  Pylon  
  41  3:14  Probe  
  41  3:15  Probe  
  41  3:19  Gateway  
  43  3:25  Oracle (Chrono Boost)  
  43  3:27  Probe  
  43  3:28  Probe  
  48  3:34  Adept  
  48  3:40  Probe x2  
  52  3:46  Pylon  
  52  3:54  Probe x2  
  54  4:03  Oracle (Chrono Boost)  
  54  4:08  Nexus  
  57  4:10  Probe  
  57  4:11  Probe  
  57  4:12  Shield Battery  
  59  4:23  Probe  
  59  4:28  Adept  
  59  4:30  Adept, Pylon  
  60  4:38  Assimilator x2  
  60  4:39  Phoenix (Chrono Boost)  
  60  4:44  Twilight Council  
  62  4:46  Forge  
  62  4:48  Probe x2  
  62  4:50  Adept  
  62  4:52  Zealot  
  66  5:00  Probe x2  
  66  5:05  Protoss Ground Weapons Level 1  
  68  5:12  Probe x2  
  70  5:22  Blink (Chrono Boost)  
  70  5:26  Adept, Probe (Chrono Boost)  
  70  5:28  Adept  
  77  5:29  Probe x2 (Chrono Boost)  
  77  5:35  Probe (Chrono Boost)  
  76  5:38  Probe x2 (Chrono Boost)  
  76  5:40  Probe  
  77  5:48  Probe x2  
  77  5:50  Stalker  
  77  5:51  Stalker  
  77  5:52  Gateway, Probe  
  77  5:53  Gateway  
  82  5:59  Gateway  
  82  6:00  Probe x2  
  82  6:02  Gateway x2  
  84  6:05  Gateway  
  84  6:16  Stalker  
  84  6:17  Probe  
  84  6:18  Probe x2  
  85  6:22  Gateway  
  85  6:23  Pylon x2  
  85  6:35  Gateway  
  85  6:38  Nexus  
  85  6:40  Pylon  
  85  6:43  Stalker x2  
  85  6:44  Probe x3  
  92  6:51  Gateway  
  92  6:53  Adept  
  94  6:56  Probe x3  
  94  7:00  Stalker  
  94  7:01  Stalker x2  
  103  7:10  Probe x3  
  96  7:22  Probe x3  
  99  7:23  Stalker x4  
  99  7:24  Stalker  
  107  7:32  Protoss Ground Weapons Level 2 (Chrono Boost)  
  107  7:34  Probe, Stalker  
  107  7:35  Probe  
  109  7:37  Shield Battery  
  109  7:38  Charge  
  109  7:39  Photon Cannon  
  107  7:46  Probe  
  107  7:47  Probe  
  107  7:49  Stalker  
  107  7:50  Stalker x4  
  107  7:51  Stalker  
  119  8:09  Probe x2  
  119  8:10  Probe  
  119  8:11  Robotics Facility  
  122  8:13  Robotics Facility, Probe  
  122  8:15  Assimilator x2  
  122  8:18  Zealot x2  
  124  8:21  Probe  
  124  8:23  Probe x2  
  124  8:25  Probe  
  123  8:32  Assimilator  
  123  8:33  Assimilator  
  123  8:34  Pylon  
  123  8:36  Photon Cannon  
  123  8:39  Shield Battery  
  123  8:40  Pylon  
  123  8:45  Photon Cannon  
  123  8:50  Pylon  
  123  8:51  Pylon  
  123  8:52  Probe, Pylon  
  123  8:54  Templar Archives  
  123  8:55  Pylon  
  124  8:56  Pylon  
  124  8:58  Immortal (Chrono Boost), Probe x3  
  131  9:04  Probe  
  131  9:09  Immortal (Chrono Boost)  
  136  9:12  Stalker x3  
  136  9:14  Pylon  
  136  9:15  Probe x2  
  144  9:23  Zealot x4  
  152  9:27  Robotics Bay  
  152  9:29  Gateway  
  152  9:31  Gateway  
  152  9:34  Gateway  
  152  9:36  Gateway  
  152  9:37  Gateway  
  152  9:41  Photon Cannon  
  152  9:43  Shield Battery, Photon Cannon  
  152  9:44  High Templar x3  
  158  9:48  High Templar  
  158  9:49  Observer (Chrono Boost), Immortal (Chrono Boost)  
  165  9:58  Protoss Ground Armor Level 1  
  161  10:19  Disruptor (Chrono Boost)  
  149  10:24  Stalker x4  
  149  10:27  Archon  
  149  10:28  Archon  
  151  10:34  Probe x3  
  151  10:35  Probe  
  118  10:46  Colossus (Chrono Boost), Probe x2  
  118  10:49  Extended Thermal Lance (Chrono Boost)  
  116  10:51  Robotics Facility  
  116  10:54  Probe x2  
  118  10:58  Probe x2  
  116  11:06  Zealot x5, Probe x2, High Templar x2  
  116  11:07  Zealot x3  
  116  11:10  Probe x2  
  140  11:15  Photon Cannon  
  140  11:17  Archon, Pylon  
  140  11:21  Probe x2  
  140  11:22  Colossus (Chrono Boost), Probe x2  
  144  11:29  High Templar x3, Pylon  
  144  11:30  High Templar  
  144  11:31  Zealot x2  
  162  11:34  Archon x2  
  162  11:39  Observer (Chrono Boost)  
  161  11:57  Colossus (Chrono Boost)  
  161  11:59  Zealot x8  
  179  12:03  Disruptor (Chrono Boost)  
  178  12:16  High Templar x2  
  178  12:20  Zealot x4, Archon  
  188  12:33  Pylon  
  188  12:36  Pylon  
  188  12:38  Pylon  
  188  12:39  Pylon  
  188  12:40  Nexus  
  188  12:42  Disruptor  
  163  12:57  High Templar x4  
  163  12:58  Zealot x7  
  154  13:01  Archon  
  154  13:02  Zealot, Archon  
  158  13:07  Observer  
  158  13:14  Disruptor (Chrono Boost)  
  158  13:18  Disruptor (Chrono Boost)  
  158  13:27  Observer  
  144  13:36  Zealot x12  
  168  13:46  Disruptor (Chrono Boost)  
  168  13:48  Pylon  
  158  14:08  Zealot x11  
Tags
 
Add a new tag
Caveats
  • Supply blocks, unpowered buildings, or Contaminate may cause inaccurate times.
  • Supply counts are checked every 10 seconds.